Map: Tours du crépuscule

Players

Athshayan

  • Race: Terran Terran

pupu - Winner!

  • Race: Protoss Protoss
  • League: Silver

VOD

Have the link to the VOD?

Description

Time

  • Played on: April 10, 2016, 5:42 a.m.
  • Length: 12:40
Show
View Real Time Build Order
Export as new Build Order

Athshayan Terran 

Build Orders:  

Get SALT Encoding   

  12  0:00  SCV  
  13  0:13  SCV  
  14  0:18  Supply Depot  
  14  0:24  Refinery  
  14  0:28  SCV  
  15  0:41  Barracks  
  15  0:58  SCV  
  16  1:07  Engineering Bay  
  16  1:11  SCV  
  17  1:23  SCV  
  18  1:28  Marine  
  18  1:30  Supply Depot  
  19  1:50  Orbital Command  
  19  2:04  Marine  
  20  2:10  Factory  
  20  2:21  SCV  
  21  2:33  Missile Turret  
  21  2:35  Marine  
  22  2:38  SCV  
  23  2:54  Barracks  
  23  2:56  Starport  
  23  2:57  Widow Mine  
  25  2:58  Marine  
  25  3:01  Terran Infantry Weapons Level 1  
  25  3:04  SCV  
  27  3:16  SCV  
  28  3:24  Supply Depot  
  28  3:25  Widow Mine  
  30  3:28  Supply Depot  
  30  3:42  Refinery  
  30  3:45  Barracks Tech Lab, Medivac  
  32  3:52  SCV  
  33  4:02  Barracks Reactor  
  33  4:10  Factory Tech Lab  
  33  4:23  Command Center  
  32  4:47  Marine x2, Stimpack  
  32  4:50  Marauder  
  36  4:55  Siege Tank  
  36  4:59  SCV  
  40  5:23  SCV  
  41  5:37  Marine x2  
  41  5:38  Marauder  
  41  5:39  Siege Tank  
  47  5:54  Starport Reactor  
  47  5:58  Terran Infantry Armor Level 1  
  47  6:03  Orbital Command  
  48  6:04  SCV  
  48  6:13  Missile Turret  
  48  6:22  Barracks  
  48  6:23  Barracks  
  48  6:27  Missile Turret  
  48  6:31  Missile Turret  
  48  6:32  Missile Turret  
  48  6:36  Missile Turret, SCV  
  48  6:39  Marine  
  50  6:43  Medivac  
  50  6:47  Medivac  
  54  6:56  Supply Depot  
  54  6:58  Missile Turret  
  50  7:36  Marine x2  
  52  7:37  Marauder  
  52  7:38  Siege Tank  
  52  7:40  Medivac x2  
  52  7:41  SCV  
  52  7:42  SCV  
  56  8:22  Marine  
  39  8:40  Barracks  
  39  8:41  Barracks  
  32  9:02  Orbital Command  
  21  10:14  SCV  
  22  10:37  Orbital Command  
  18  12:12  SCV  
Show
View Real Time Build Order
Export as new Build Order

pupu Protoss - Winner!

Build Orders: 1 Gate Expand 

Get SALT Encoding   

  12  0:01  Probe (Chrono Boost)  
  13  0:11  Probe (Chrono Boost)  
  14  0:17  Pylon  
  14  0:22  Probe (Chrono Boost)  
  15  0:36  Probe (Chrono Boost)  
  15  0:38  Gateway  
  16  0:46  Probe (Chrono Boost)  
  17  1:11  Nexus  
  17  1:15  Probe (Chrono Boost)  
  18  1:19  Assimilator  
  18  1:25  Probe (Chrono Boost)  
  19  1:36  Probe (Chrono Boost)  
  20  1:46  Probe (Chrono Boost)  
  21  1:49  Pylon  
  21  1:57  Probe (Chrono Boost)  
  22  2:07  Cybernetics Core, Probe (Chrono Boost)  
  23  2:09  Gateway  
  23  2:12  Gateway  
  22  2:16  Pylon  
  22  2:18  Probe (Chrono Boost)  
  23  2:26  Assimilator  
  23  2:28  Probe x2 (Chrono Boost)  
  25  2:39  Probe (Chrono Boost)  
  26  2:50  Probe (Chrono Boost)  
  26  2:51  Probe (Chrono Boost)  
  28  2:56  Gateway  
  28  2:58  Gateway  
  28  3:00  Warp Gate (Chrono Boost)  
  28  3:08  Robotics Facility  
  28  3:11  Probe x2  
  30  3:20  Pylon  
  30  3:23  Probe  
  31  3:33  Sentry  
  31  3:34  Forge  
  33  3:44  Pylon  
  33  3:46  Zealot  
  33  3:48  Zealot  
  37  3:54  Twilight Council  
  37  3:56  Observer  
  37  3:58  Probe  
  37  3:59  Probe  
  40  4:04  Zealot  
  40  4:08  Probe  
  42  4:11  Probe  
  42  4:12  Assimilator  
  42  4:14  Assimilator  
  44  4:19  Probe, Pylon  
  44  4:23  Warp Prism  
  45  4:29  Probe  
  48  4:36  Charge (Chrono Boost)  
  48  4:51  Probe x2  
  50  5:03  Probe  
  52  5:07  Probe  
  45  5:15  Probe  
  45  5:19  Probe  
  43  5:25  Stalker x5  
  43  5:28  Probe  
  42  5:56  Pylon  
  42  6:09  Photon Cannon  
  42  6:10  Probe x2  
  44  6:13  Photon Cannon  
  44  6:16  Photon Cannon  
  42  6:21  Photon Cannon  
  42  6:24  Pylon  
  42  6:26  Observer  
  42  6:28  Pylon  
  43  6:42  Zealot  
  43  6:46  Zealot  
  46  6:57  Stalker  
  48  7:09  Probe x2  
  50  7:21  Probe x2  
  52  7:25  Zealot  
  54  7:33  Probe  
  55  8:19  Zealot x5  
  61  8:43  Probe x2  
  63  8:52  Nexus  
  63  8:55  Probe  
  51  10:07  Probe  
Tags
 
Add a new tag
Caveats
  • Supply blocks, unpowered buildings, or Contaminate may cause inaccurate times.
  • Supply counts are checked every 10 seconds.